 Dungeon Crawl Stone Soup version 0.23-b1-3-gdda8187 (webtiles) character file.

Game seed: 7821977798256334458

4027 Flooderbenga the Cleaver (level 10, -10/95 (96) HPs)
             Began as a Deep Dwarf Fighter on Jan 31, 2019.
             Was an Initiate of Makhleb.
             Mangled by a troll (12 damage)
             ... on level 9 of the Dungeon.
             The game lasted 00:11:37 (6263 turns).

Flooderbenga the Cleaver (Deep Dwarf Fighter)       Turns: 6263, Time: 00:11:37

HP:   -10/95 (96)   AC:  8    Str: 23    XL:     10   Next: 4%
MP:   3/3           EV:  1    Int:  9    God:    Makhleb [......]
Gold: 629           SH: 10    Dex: 12    Spells: 9/9 levels left

rFire    . . .     SeeInvis .   a - +0 war axe
rCold    . . .     Gourm    .   c - +1 shield
rNeg     . . .     Faith    .   b - +0 scale mail
rPois    +         Spirit   .   o - +0 helmet
rElec    .         Reflect  .   (no cloak)
rCorr    .         Harm     .   (no gloves)
MR       +....                  (no boots)
Stlth    ..........             I - amulet of rage
HPRegen  0.00/turn              u - ring of poison resistance
MPRegen  0.08/turn              E - -6 ring of evasion (curse)

@: non-regenerating, diseased
A: damage resistance, heal wounds, sense surroundings 2, no regeneration
a: Heal Wounds, Renounce Religion, Evoke Berserk Rage


You were on level 9 of the Dungeon.
You worshipped Makhleb.
Makhleb was noncommittal.
You were not hungry.

You visited 2 branches of the dungeon, and saw 10 of its levels.
You also visited: Ossuary.

You collected 629 gold pieces.

Inventory:

Hand Weapons
 a - a +0 war axe (weapon)
Armour
 b - a +0 scale mail (worn)
 c - a +1 shield (worn)
 o - a +0 helmet (worn)
Jewellery
 i - an uncursed ring of protection from cold
 u - a ring of poison resistance (left hand)
 v - an uncursed ring of protection from fire
 E - a cursed -6 ring of evasion (right hand)
 I - an amulet of rage (around neck)
Wands
 s - a wand of acid (8)
 F - a wand of disintegration (15)
 J - a wand of flame (19)
Scrolls
 e - a scroll of fear {unknown}
 g - 3 scrolls of teleportation {unknown}
 h - 5 scrolls of blinking {@r4}
 l - a scroll of enchant armour
 n - a scroll of enchant weapon {unknown}
 r - a scroll of identify {@r1}
 y - a scroll of fog {unknown}
 A - a scroll of amnesia {unknown}
 D - 2 scrolls of immolation {unknown}
 G - a scroll of magic mapping {unknown}
Potions
 d - 4 potions of might {@q4}
 j - 3 potions of flight {unknown}
 k - 3 potions of curing {unknown}
 m - 2 potions of resistance
 p - 2 potions of brilliance {unknown}
 q - 2 potions of lignification
 t - 2 potions of heal wounds {@q2}
 x - a potion of cancellation
 z - 3 potions of agility {unknown}
 H - a potion of haste {@q3}
Comestibles
 f - 8 rations
 B - 27 chunks of flesh


   Skills:
 + Level 8.0 Fighting
 * Level 12.4 Axes
 - Level 3.2 Armour
 - Level 3.2 Shields
 + Level 4.1 Invocations


You had 9 spell levels left.
You didn't know any spells.
Your spell library contained the following spells:

 Spells                   Type           Power        Failure   Level  Hunger
 Summon Butterflies       Summ           #.......     99%         1    ##.....


Dungeon Overview and Level Annotations

Branches:
Dungeon (9/15)             Temple (1/1) D:7
   Lair: D:8-11         Orc: D:9-12

Altars:
Ashenzari
Cheibriados
Dithmenos
Elyvilon
Fedhas
Gozag
Hepliaklqana
Kikubaaqudgha
Makhleb
Nemelex Xobeh
Okawaru
Qazlal
Ru
Sif Muna
Trog
Uskayaw
Vehumet
Wu Jian
Xom
Yredelemnul
Zin
The Shining One

Annotations:
D:3 1 runed translucent door, Crazy Yiuf
D:4 1 runed translucent door, Hylith's ghost, novice HOFi
D:5 1 runed translucent door, KennySheep's ghost, novice HaFi
D:7 2 runed translucent doors, frimble's ghost, novice DsFi


Innate Abilities, Weirdness & Mutations

You are resistant to damage.
You can heal yourself by infusing magical energy.
You passively map the area around you.
You do not regenerate.


Message History

You are too injured to fight recklessly!
You are too injured to fight recklessly!
You are too injured to fight recklessly!
You are too injured to fight recklessly!
You are too injured to fight recklessly!
You are too injured to fight recklessly!
You are too injured to fight recklessly!
You hit the troll. The troll bites you! The troll claws you but does no damage.
The troll claws you!
* * * LOW HITPOINT WARNING * * *
You take 22 damage, and have 21/95 hp.
MASSIVE DAMAGE!!
You hit the troll. The troll bites you!
* * * LOW HITPOINT WARNING * * *
The troll claws you!
* * * LOW HITPOINT WARNING * * *
The troll claws you!
* * * LOW HITPOINT WARNING * * *
Your shield and scale mail prevent you from hitting the troll.
The troll bites you!
You die...

,, ,, * * * *,...
(.= , * * ,.. .. *
* * * .. .. * * *
.#., > ... ,, ## *,
###.###.... , **
*## #...T...... ,,
.. **#@#** * ,** ..
#.# , ,, * , #.# ,
, * #.# ># ,
######.####.#.
##.............# ,
*
##...............,*
* #...............#
## #
#...............#,
..###


You could see a troll.

Vanquished Creatures
  Harold (D:8)
  Sigmund (D:3)
  Menkaure (Ossuary)
  A hungry ghost (D:9)
  An ice beast (D:9)
  3 orc warriors (D:8)
  4 ogres
  A necrophage (D:9)
  A phantom (D:8)
  3 centaurs
  A big kobold (Temple)
  2 howler monkeys
  5 wights (D:8)
  4 crimson imps
  A jelly (D:5)
  A hound (D:9)
  A bullfrog skeleton (D:4)
  2 centaur skeletons (D:8)
  3 orc priests
  A bullfrog zombie (D:8)
  A gnoll shaman (D:6)
  Jessica (D:2)
  3 iguanas
  14 orc wizards
  4 worker ants
  3 mummies (Ossuary)
  Robin (D:2)
  9 gnolls
  8 adders
  3 adder zombies
  4 worms
  3 dart slugs
  7 leopard geckos
  29 orcs
  6 giant cockroaches
  4 gnoll zombies (Ossuary)
  16 goblins
  8 hobgoblins
  6 jackals
  6 kobolds
  3 quokkas
  2 ball pythons
  6 bats
  2 frilled lizards (D:1)
  2 gnoll skeletons (Ossuary)
  6 goblin skeletons (Ossuary)
  8 goblin zombies
  6 hobgoblin skeletons (Ossuary)
  4 hobgoblin zombies (Ossuary)
  4 kobold skeletons (Ossuary)
  5 kobold zombies (Ossuary)
  A leopard gecko skeleton (D:8)
  2 orc skeletons (Ossuary)
  An orc zombie (Ossuary)
  A quokka zombie (D:8)
  A rat (D:2)
  4 rat skeletons (Ossuary)
  4 rat zombies (Ossuary)
236 creatures vanquished.

Vanquished Creatures (others)
  A kobold skeleton (Ossuary)
1 creature vanquished.

Grand Total: 237 creatures vanquished

Notes
Turn   | Place    | Note
-------+----------+-------------------------------------------
     0 | D:1      | Flooderbenga the Deep Dwarf Fighter began the quest for the
                  | Orb.
     0 | D:1      | Reached XP level 1. HP: 20/20 MP: 1/1
   135 | D:1      | Reached XP level 2. HP: 27/27 MP: 2/2
   166 | D:1      | Reached skill level 3 in Axes
   724 | D:2      | Noticed a howler monkey
   739 | D:2      | Killed a howler monkey
   739 | D:2      | Reached skill level 4 in Axes
   739 | D:2      | Reached XP level 3. HP: 30/34 MP: 3/3
   827 | D:2      | Reached XP level 4. HP: 37/42 MP: 4/4
   971 | D:2      | Noticed Robin
   987 | D:2      | Killed Robin
  1069 | D:2      | Noticed Jessica
  1074 | D:2      | Killed Jessica
  1105 | D:2      | Reached XP level 5. HP: 47/50 MP: 5/5
  1125 | D:2      | Reached skill level 5 in Axes
  1387 | D:3      | Found a faded altar of an unknown god.
  1388 | D:3      | Noticed Sigmund
  1397 | D:3      | Killed Sigmund
  1397 | D:3      | Reached skill level 6 in Axes
  1397 | D:3      | Reached XP level 6. HP: 39/57 MP: 6/6
  1638 | D:3      | Found a runed translucent door.
  1639 | D:3      | Noticed Crazy Yiuf
  1968 | D:4      | Noticed Hylith's ghost (novice HOFi)
  1969 | D:4      | Found a runed translucent door.
  2370 | D:5      | Entered Level 5 of the Dungeon
  2380 | D:5      | Reached skill level 7 in Axes
  2380 | D:5      | Reached XP level 7. HP: 48/66 MP: 6/6
  2543 | D:5      | Reached skill level 5 in Fighting
  2636 | D:5      | Found a runed translucent door.
  2726 | D:5      | Reached skill level 8 in Axes
  2984 | D:5      | Noticed KennySheep's ghost (novice HaFi)
  3146 | D:6      | You fall through a shaft for 3 floors!
  3146 | D:9      | Found a basalt altar of Yredelemnul.
  3146 | D:9      | Found an opulent altar of Gozag.
  3195 | D:8      | Found a radiant altar of Vehumet.
  3205 | D:8      | Found an ancient bone altar of Kikubaaqudgha.
  3209 | D:8      | Reached XP level 8. HP: 61/75 MP: 7/7
  3215 | D:8      | Found a deep blue altar of Sif Muna.
  3277 | D:8      | Identified Sif Muna's Collected Works on Summoning
  3306 | D:8      | Reached skill level 9 in Axes
  3464 | D:8      | Reached skill level 10 in Axes
  3516 | D:8      | Found a sand-covered staircase.
  3531 | Ossuary  | Entered an ossuary
  3784 | Ossuary  | Noticed Menkaure
  3810 | Ossuary  | Killed Menkaure
  3909 | D:8      | Found a glowing silver altar of Zin.
  3933 | D:8      | Noticed Harold
  3946 | D:8      | Killed Harold
  3946 | D:8      | Reached skill level 11 in Axes
  3946 | D:8      | Gained mutation: You passively map the area around you.
                  | [Deep Dwarf growth]
  3946 | D:8      | Reached XP level 9. HP: 86/86 MP: 2/2
  3963 | D:8      | Found a white marble altar of Elyvilon.
  3963 | D:8      | Found a hazy altar of Hepliaklqana.
  4134 | D:8      | Found a glowing golden altar of the Shining One.
  4161 | D:8      | Reached skill level 12 in Axes
  4329 | D:7      | Found a staircase to the Ecumenical Temple.
  4341 | Temple   | Entered the Ecumenical Temple
  4541 | Temple   | Became a worshipper of Makhleb the Destroyer
  4571 | D:7      | Reached skill level 1 in Invocations
  4819 | D:7      | Found a large runed translucent door.
  4820 | D:7      | Found a large runed translucent door.
  4821 | D:7      | Noticed frimble's ghost (novice DsFi)
  6203 | D:9      | Reached XP level 10. HP: 64/96 MP: 2/2
  6262 | D:9      | HP: 2/95 [troll (5)]
  6263 | D:9      | Mangled by a troll

Skill      XL: |  1  2  3  4  5  6  7  8  9 10 |
---------------+-------------------------------+-----
Axes           | 4 6 7 8 11 12 | 12.4
Fighting       | 3 4 5 7 8 |  8.0
Invocations    | 3 4 |  4.1
Armour         | |  3.2
Shields        | |  3.2

Action                   |  1- 3 |  4- 6 |  7- 9 | 10-12 || total
-------------------------+-------+-------+-------+-------++-------
Melee: War axe           |    57 |   175 |   461 |    25 ||   718
 Abil: Heal Wounds       |       |     3 |    28 |       ||    31
Evoke: Wand              |       |       |     2 |       ||     2
  Use: Potion            |       |     2 |     1 |       ||     3
       Scroll            |       |     2 |     6 |     3 ||    11
  Eat: Chunk             |       |     5 |    23 |       ||    28
Armor: Scale mail        |    23 |    75 |   148 |    13 ||   259
Dodge: Dodged            |    21 |    43 |    84 |       ||   148
Block: Shield            |    34 |   104 |   216 |    13 ||   367
